[Event "*** Titled Tuesday 3|2 Blitz (Early)"]
[Site "Chess.com"]
[Date "2017.01.03"]
[Round "7"]
[White "ChristopherYoo"]
[Black "davidarenas1224"]
[Result "0-1"]
[WhiteElo "2059"]
[BlackElo "2208"]
[TimeControl "180+2"]
[EndTime "12:31:18 PST"]
[Termination "davidarenas1224 won by checkmate"]

1. e4 c5 2. Nf3 d6 3. d4 Nf6 4. Nc3 cxd4 5. Nxd4 g6 6. Be3 a6 7. f3 b5 8. a3 Bb7 9. Qd2 Nbd7 10.
O-O-O h5 11. Be2 Rc8 12. Rhe1 Bg7 13. Kb1 Nb6 14. Bd3 Nc4 15. Bxc4 Rxc4 16. Nb3 Nd7 17. Bd4 O-O 18. Bxg7 Kxg7 19. Nd5 Bxd5 20. Qxd5 Qc7 21. Re2 Rc8 22. c3 Nb6 23. Qd3 Na4 24. Rc1 a5 25. Nd2 Rc5 26. Nb3 b4 27. Nxc5 Nxc5 28. Qd4+ e5 29.
Qd5 bxa3 30. bxa3 Na4 31. Rec2 Qb6+ 32. Ka1 Rc5 33. Qa2 Qc6 34. c4 Qa6 35. Qb3 Nb6 36. a4 Nd7 37. Rb1 Rc7 38. Qb5 Qa7 39. Rd2 Qe3 40. Ra2 Nc5 41. Qxa5 Rb7 42. Rxb7 Qc1+ 43. Rb1 Nb3# 0-1

[Event "*** Titled Tuesday 3|2 Blitz (Early)"]
[Site "Chess.com"]
[Date "2017.01.03"]
[Round "7"]
[White "danir29"]
[Black "PelinGorki"]
[Result "0-1"]
[WhiteElo "2459"]
[BlackElo "2401"]
[TimeControl "180+2"]
[EndTime "12:31:20 PST"]
[Termination "PelinGorki won by checkmate"]

1. d4 d6 2. Nf3 Nf6 3. c4 Nbd7 4.
Nc3 e5 5. e4 Be7 6. Be2 O-O 7.
O-O c6 8. Re1 Re8 9. Bf1 Bf8 10.
d5 Qc7 11. Be3 a6 12. Rc1 Ng4 13. Bg5 h6 14. Bh4 Be7 15. Bg3 Ngf6 16. Nd2 Nh7 17. b4 Bg5 18. a4 Ndf6 19. a5 Bf4 20. Na4 Bg4 21. f3 Bxg3 22. hxg3 Bh5 23. Nb6 Rad8 24. Be2 g5 25. dxc6 bxc6 26. Nf1 Bg6 27. Ne3 g4 28. Bd3 Ng5 29. Rf1 Kg7 30. Qc2 gxf3 31. gxf3 Qe7 32.
Rce1 d5 33. exd5 Qxb4 34. Bxg6 fxg6 35. dxc6 Qxa5 36. c7 Rd2 37. Qb1 Qc5 38. c8=Q Rxc8 39. Nxc8 Qxc8 40. Qc1 Ra2 41. Qb1 Rd2 42. Ng2 Qh3 43. Rf2 Nxf3+ 44. Rxf3 Qxg2# 0-1

[Event "*** Titled Tuesday 3|2 Blitz (Early)"]
[Site "Chess.com"]
[Date "2017.01.03"]
[Round "7"]
[White "Makalexa"]
[Black "bugsbunny444"]
[Result "0-1"]
[WhiteElo "2153"]
[BlackElo "2343"]
[TimeControl "180+2"]
[EndTime "12:31:23 PST"]
[Termination "bugsbunny444 won by resignation"]

1. e4 e6 2. d4 d5 3. e5 c5 4. c3 Nc6 5. Nf3 Qb6 6. Bd3 Nh6 7.
O-O cxd4 8. cxd4 Nf5 9. Bxf5 exf5 10. Nc3 Be6 11. Ng5 Qxd4 12. Qb3 Qb4 13. Qxb4 Bxb4 14. Nb5 Rc8 15. Bf4 h6 16. Nf3 g5 17. Be3 a6 18. Nd6+ Bxd6 19. exd6 Kd7 20. Bc5 Rhe8 21. Rac1 g4 22. Nh4 Ne5 23. Ba3 Nc4 24. Bb4 Nxb2 25. Rb1 Nc4 26. Bc3 Nxd6 27. f3 Rxc3 28.
fxg4 fxg4 29. Rfd1 Rec8 30. g3 Rc2 31. Ng2 Ne4 32.
Nf4 Nc3 33. Ng2 Nxb1 34. Nf4 Rc1 35. Ng2 Rxd1+ 0-1

[Event "*** Titled Tuesday 3|2 Blitz (Early)"]
[Site "Chess.com"]
[Date "2017.01.03"]
[Round "7"]
[White "GrigorGrigorov"]
[Black "Haykos"]
[Result "1-0"]
[WhiteElo "2504"]
[BlackElo "2427"]
[TimeControl "180+2"]
[EndTime "12:31:24 PST"]
[Termination "GrigorGrigorov won by resignation"]

1. Nf3 Nf6 2. c4 e6 3. e3 d5 4. d4 dxc4 5. Bxc4 c5 6. O-O a6 7. Bb3 Nc6 8. Nc3 b5 9. dxc5 Qxd1 10. Rxd1 Bxc5 11. Bd2 Bb7 12. Rac1 Be7 13. Ne2 O-O 14. Be1 Rfd8 15. Nfd4 Nxd4 16. Nxd4 Rac8 17. Ba5 Rxc1 18. Rxc1 Rc8 19. Rxc8+ Bxc8 20. f3 Bc5 21. Nc2 Bb7 22. Kf2 Bd5 23. Bxd5 Nxd5 24. Bd2 Kf8 25. Ke2 Ke7 26.
e4 Nc7 27. Kd3 Kd6 28. Ba5 f5 29. Nb4 fxe4+ 30. Kxe4 Bxb4 31. Bxb4+ Kd7 32. Ke5 Nd5 33. Bf8 g6 34. g4 a5 35. Bc5 Kc6 36. Bf8 Kd7 37.
a3 Ke8 38. Bc5 Kd7 39. h4 Kc6 40. b4 axb4 41. axb4 Kd7 42. h5 Ne7 43. Bxe7 Kxe7 44. hxg6 hxg6 45. g5 1-0

[Event "*** Titled Tuesday 3|2 Blitz (Early)"]
[Site "Chess.com"]
[Date "2017.01.03"]
[Round "7"]
[White "Gabrielian_Artur"]
[Black "iturrizaga"]
[Result "0-1"]
[WhiteElo "2662"]
[BlackElo "2662"]
[TimeControl "180+2"]
[EndTime "12:31:28 PST"]
[Termination "iturrizaga won by resignation"]

1. e4 c5 2. Nf3 Nc6 3. Bb5 g6 4.
Bxc6 bxc6 5. O-O Bg7 6. c3 Nh6 7. d4 cxd4 8. cxd4 O-O 9. Re1 f6 10. Nc3 d6 11. h3 Nf7 12. Be3 e5 13. Rc1 Qe7 14. Qd2 Rb8 15. b3 Rd8 16. Qe2 Qb7 17. Red1 exd4 18. Nxd4 Bd7 19. Qc4 Re8 20. Rd2 Re7 21.
Bf4 Kh8 22. Rdd1 Qb4 23. Qxb4 Rxb4 24. Bg3 f5 25. Nde2 fxe4 26. Bxd6 Nxd6 27. Rxd6 Be5 28. Rd2 Kg7 29. Nd1 a5 30. Ne3 a4 31. bxa4 Rxa4 32.
Nc3 Rb4 33. a3 Rb3 34. Nxe4 Rxa3 35. Nc5 Be8 36. Nc4 Bf4 37. Nxa3 Bxd2 38. Rc2 Bb4 39. Nb1 Bxc5 40. Rxc5 Re1+ 41. Kh2 Rxb1 0-1

[Event "*** Titled Tuesday 3|2 Blitz (Early)"]
[Site "Chess.com"]
[Date "2017.01.03"]
[Round "7"]
[White "yian123"]
[Black "boredoldman"]
[Result "0-1"]
[WhiteElo "2373"]
[BlackElo "2490"]
[TimeControl "180+2"]
[EndTime "12:31:29 PST"]
[Termination "boredoldman won by resignation"]

1. e4 c5 2. Nf3 d6 3. d4 cxd4 4. Nxd4 Nf6 5. Nc3 a6 6. Be3 e5 7.
Nf3 Be7 8. Bc4 Ng4 9. Bc1 O-O 10.
O-O Nc6 11. h3 Nf6 12. Bg5 Be6 13. Bb3 Rc8 14. Bxf6 Bxf6 15. Nd5 Bxd5 16. Bxd5 Qb6 17. Bb3 Na5 18. Qd3 Be7 19. Nd2 g6 20. Rab1 Nxb3 21.
axb3 Qd4 22. Nc4 f5 23. Rbd1 Qxd3 24. cxd3 Kg7 25. d4 b5 26. Nb6 Rc2 27. dxe5 dxe5 28.
Nd7 Rd8 29. exf5 gxf5 30. Nxe5 Rxd1 31. Rxd1 Rxb2 32. Rd3 Kf6 33. Nd7+ Ke6 34. g4 fxg4 35.
hxg4 a5 36. Nb8 Bc5 37. Nc6 Rxf2 38. Nd4+ Bxd4 39. Rxd4 Rf3 40. Re4+ Kd5 41. Re7 Rxb3 42.
Kf2 a4 43. Rxh7 a3 44. Ra7 Rb2+ 0-1

[Event "*** Titled Tuesday 3|2 Blitz (Early)"]
[Site "Chess.com"]
[Date "2017.01.03"]
[Round "7"]
[White "bivark"]
[Black "Dr-Bassem"]
[Result "1-0"]
[WhiteElo "2381"]
[BlackElo "2641"]
[TimeControl "180+2"]
[EndTime "12:31:31 PST"]
[Termination "bivark won on time"]

1. e4 e5 2. Nf3 Nc6 3. Bb5 a6 4.
Ba4 Nf6 5. Qe2 b5 6. Bb3 Bc5 7. c3 O-O 8. O-O d5 9. d3 d4 10. Bg5 Qd6 11. cxd4 Nxd4 12. Nxd4 Bxd4 13. Nc3 c6 14.
Kh1 h6 15. Bh4 Bg4 16. f3 Bd7 17. Rad1 Nh5 18. g3 Bh3 19. Rfe1 Qd7 20. Qd2 g5 21. Bxg5 hxg5 22. Qxg5+ Ng7 23. g4 Qd8 24. Qh6 Bf2 25.
Qxh3 Bxe1 26. Rxe1 Qxd3 27. Rg1 Qd6 28. g5 Qg6 29. Ne2 1-0

[Event "*** Titled Tuesday 3|2 Blitz (Early)"]
[Site "Chess.com"]
[Date "2017.01.03"]
[Round "7"]
[White "RamonManon0g"]
[Black "visa"]
[Result "1/2-1/2"]
[WhiteElo "2274"]
[BlackElo "2153"]
[TimeControl "180+2"]
[EndTime "12:31:36 PST"]
[Termination "Game drawn by repetition"]

1. d4 e6 2. c4 b6 3. a3 f5 4. Nc3 Bb7 5. Nf3 Nf6 6. g3 Be7 7.
Bg2 O-O 8. O-O Ne4 9. Nxe4 Bxe4 10. b4 Bf6 11. Bb2 c5 12. e3 Nc6 13. b5 Na5 14.
Rc1 cxd4 15. exd4 Rc8 16. Qa4 Bd3 17. Rfd1 Rxc4 18. Rxc4 Bxc4 19. Rc1 Bd5 20. Bc3 Qa8 21. Ne1 Bxg2 22. Nxg2 Rc8 23. Ne3 Bg5 24. Qd1 Nc4 25. Bd2 Nxd2 26. Qxd2 Kf7 27. f4 Rxc1+ 28. Qxc1 Bf6 29.
Qc7 Ke7 30. d5 Bd4 31. d6+ Kf6 32. Kf2 Qe4 33. Qd8+ Kg6 34. Qg5+ Kf7 35. Qe7+ Kg6 36. Qg5+ Kf7 37. Qe7+ Kg6 38. Qg5+ Kf7 39. Qe7+ Kg6 40. Qg5+ Kf7 41. Qe7+ Kg6 42. Qg5+ 1/2-1/2

[Event "*** Titled Tuesday 3|2 Blitz (Early)"]
[Site "Chess.com"]
[Date "2017.01.03"]
[Round "7"]
[White "jb2mix"]
[Black "Frolyanov_D"]
[Result "0-1"]
[WhiteElo "2419"]
[BlackElo "2508"]
[TimeControl "180+2"]
[EndTime "12:31:40 PST"]
[Termination "Frolyanov_D won by resignation"]

1. e4 e5 2. Nf3 Nf6 3. Nxe5 d6 4.
Nf3 Nxe4 5. Nc3 Nxc3 6. dxc3 Be7 7. Be3 O-O 8. Qd2 Nd7 9. O-O-O c6 10. h4 Nc5 11. Bxc5 dxc5 12. Qf4 Qa5 13. a3 b5 14. Ne5 Qc7 15. Qe4 Bf6 16. Ng4 Bxg4 17. Qxg4 a5 18. Rd7 Qe5 19. Bd3 c4 20. Be4 b4 21. Re1 Qc5 22. Qf5 Qxf5 23. Bxf5 bxc3 24. bxc3 g6 25.
Be4 Bxc3 26. Red1 Rab8 27. Bxc6 Rb2 28. Rb7 Ra2 29. Bd5 Ra1+ 30. Rb1 Rxb1+ 31. Kxb1 Rb8+ 32. Kc1 Bb2+ 33. Kd2 c3+ 34. Ke2 Bxa3 35. Kd3 Bb4 36. Ra1 Kg7 37. Bb3 Rd8+ 38. Kc4 Rd2 39. Rf1 h5 40. g3 Kf6 41. Ba4 Kf5 42. f3 Kf6 43. g4 Rh2 44. gxh5 Rxh4+ 45. Kb3 gxh5 46. Rd1 Rh2 47.
Rd6+ Bxd6 0-1

[Event "*** Titled Tuesday 3|2 Blitz (Early)"]
[Site "Chess.com"]
[Date "2017.01.03"]
[Round "7"]
[White "dretch"]
[Black "E-Shaposhnikov"]
[Result "0-1"]
[WhiteElo "2605"]
[BlackElo "2731"]
[TimeControl "180+2"]
[EndTime "12:31:48 PST"]
[Termination "E-Shaposhnikov won by resignation"]

1. d4 Nf6 2. c4 e6 3. Nc3 Bb4 4.
Qc2 c5 5. dxc5 Na6 6. a3 Qa5 7. Bd2 Nxc5 8. Rc1 Bxc3 9. Bxc3 Qa4 10. b4 Qxc2 11. Rxc2 Na4 12. Bxf6 gxf6 13. g3 b6 14. Bg2 Rb8 15. Nh3 Ba6 16. O-O Ke7 17. Rfc1 Rhc8 18. Be4 f5 19. Bd3 Bb7 20. Ng5 h6 21. Nf3 a5 22. Nd4 h5 23. h4 f4 24. gxf4 Rg8+ 25. Kf1 Rg4 26. e3 Rxh4 27. Ke2 d6 28. Rb1 Kf6 29.
bxa5 bxa5 30. Nc6 Rc8 31. Nxa5 Bg2 32. Rg1 Rg4 33. Nb3 h4 34. f3 Bxf3+ 35. Kf2 Rxg1 36. Kxg1 Bd1 37. Nd2 Bxc2 38. Bxc2 Nb2 39. Bb3 Ra8 40. Kg2 Rxa3 41. Kh3 Nd3 42. Kxh4 Nc5 43. Bc2 Rxe3 44. Nf1 Rc3 45. Bh7 Kg7 46. Bb1 Rc1 47. Nd2 Rd1 48.
Nf3 Rxb1 0-1

[Event "*** Titled Tuesday 3|2 Blitz (Early)"]
[Site "Chess.com"]
[Date "2017.01.03"]
[Round "7"]
[White "poummba"]
[Black "QuintilianoR"]
[Result "1-0"]
[WhiteElo "2430"]
[BlackElo "2521"]
[TimeControl "180+2"]
[EndTime "12:31:54 PST"]
[Termination "poummba won by resignation"]

1. e4 c5 2. Nf3 d6 3. d4 cxd4 4.
Nxd4 Nf6 5. Nc3 g6 6. Be3 Bg7 7.
Be2 Nc6 8. O-O O-O 9. Qd2 d5 10.
Rfd1 Nxd4 11. Qxd4 Be6 12. e5 Nd7 13. f4 f6 14.
Nxd5 fxe5 15. fxe5 Bxe5 16. Qh4 Rf7 17. Bc4 Rc8 18. Rf1 Rxc4 19. Qxc4 Nf8 20. Rxf7 Bxf7 21. Rd1 Bxb2 22. c3 e6 23. Qb3 exd5 24. Qxb2 b6 25.
c4 Qh4 26. cxd5 Qh5 27. Qd4 Nd7 28. Bf4 Qf5 29. h3 Qc2 30. Bh6 Qc5 31. Qxc5 Nxc5 32. d6 Nd7 33. Rc1 Bxa2 34. Rc7 Be6 35. Rxa7 Kf7 36.
Be3 Bf5 37. Bxb6 Ke6 38. Bc7 Be4 39. Kf2 Bc6 40. g4 Bd5 41. Ke3 Ne5 42. Ra1 Nc4+ 43. Kd4 Nxd6 44. Re1+ Ne4 45. Rxe4+ Bxe4 46. Kxe4 h5 47.
g5 1-0

[Event "*** Titled Tuesday 3|2 Blitz (Early)"]
[Site "Chess.com"]
[Date "2017.01.03"]
[Round "7"]
[White "MrReinberg"]
[Black "gumersindo"]
[Result "1-0"]
[WhiteElo "2176"]
[BlackElo "2334"]
[TimeControl "180+2"]
[EndTime "12:32:00 PST"]
[Termination "MrReinberg won by checkmate"]

1. e4 e6 2. Nc3 d5 3. d3 c5 4. g3 Nc6 5. Bg2 Nf6 6. f4 Be7 7.
Nf3 b6 8. O-O Bb7 9. Ne5 d4 10.
Nxc6 Bxc6 11. Nb1 Qd7 12. Nd2 O-O 13. Nc4 Bb7 14. Ne5 Qc8 15. Ng4 Nxg4 16. Qxg4 f5 17. exf5 exf5 18. Bxb7 Qxb7 19. Qf3 Qxf3 20. Rxf3 Bd6 21.
Bd2 Rae8 22. Kf1 Kf7 23. Re1 Rxe1+ 24. Kxe1 Re8+ 25. Kd1 Kg6 26. h3 Kf6 27. Rf1 h5 28. c3 dxc3 29. bxc3 g6 30. a4 a6 31. c4 b5 32.
axb5 axb5 33. cxb5 Rb8 34. Bc3+ Kf7 35. Kc2 Rxb5 36.
Ra1 h4 37. Ra6 Be7 38. gxh4 Bxh4 39. Rc6 Bg3 40. Be5 Bh4 41. Kc3 Be7 42. Rc7 Ke6 43.
Ra7 Rb1 44. Ra6+ Kf7 45. Kc4 Rc1+ 46. Kd5 Rd1 47. Kc4 Rh1 48. Ra7 Ke6 49. Ra6+ Kf7 50.
Ra7 Ke8 51. Ra6 Kf7 52. Ra7 Ke6 53. Ra6+ Kf7 54. Ra7 Rc1+ 55. Kd5 Rd1 56. d4 Ke8 57.
Ke6 Bd8 58. d5 c4 59. Rh7 c3 60. Rh8# 1-0

[Event "*** Titled Tuesday 3|2 Blitz (Early)"]
[Site "Chess.com"]
[Date "2017.01.03"]
[Round "7"]
[White "ZhuChenChess"]
[Black "Tash_Boy"]
[Result "0-1"]
[WhiteElo "2326"]
[BlackElo "2449"]
[TimeControl "180+2"]
[EndTime "12:32:01 PST"]
[Termination "Tash_Boy won on time"]

1. d4 Nf6 2. c4 g6 3. Nc3 Bg7 4. e4 d6 5. Nge2 O-O 6. Ng3 e5 7. d5 h5 8. Bg5 Qe8 9. Qd2 Nh7 10. Bh4 f6 11. Be2 g5 12. Bxh5 Qe7 13. Nf5 Bxf5 14. exf5 gxh4 15. O-O-O Ng5 16. Rde1 Qd8 17.
f4 exf4 18. Qxf4 Nd7 19. Qxh4 Ne5 20. Kb1 Qd7 21. Rhf1 a6 22. Ne2 b5 23. Nd4 bxc4 24. Ne6 Nxe6 25. dxe6 Qb5 26. Bg6 Rfe8 27. Rf3 Rab8 28.
Re2 c3 29. Qh7+ Kf8 30. Rc2 cxb2 31. Bf7 Nxf7 0-1

[Event "*** Titled Tuesday 3|2 Blitz (Early)"]
[Site "Chess.com"]
[Date "2017.01.03"]
[Round "7"]
[White "Iball95"]
[Black "Spas_Kozhuharov"]
[Result "1-0"]
[WhiteElo "2472"]
[BlackElo "2471"]
[TimeControl "180+2"]
[EndTime "12:32:12 PST"]
[Termination "Iball95 won by checkmate"]

1. e4 c6 2. Nc3 d5 3. Nf3 Bg4 4.
h3 Bh5 5. exd5 cxd5 6. d4 Bxf3 7. Qxf3 e6 8. Bd3 Nc6 9. Ne2 Nf6 10. O-O Be7 11. c3 O-O 12. Bf4 Qb6 13. Rab1 a6 14.
Rfe1 Na5 15. Ng3 Nc4 16. Nf5 Bd8 17. Bxc4 dxc4 18. Nd6 Nd5 19. Nxc4 Qb5 20. Nd6 Qc6 21. Bg3 b5 22. Rbc1 Be7 23. Ne4 a5 24. Be5 Rfc8 25. b3 f6 26. Bh2 f5 27. Nc5 Bxc5 28. dxc5 Qxc5 29. Rxe6 Nxc3 30. Rce1 Ne4 31. Re5 Qb4 32. Rd1 Rd8 33. Bf4 Rxd1+ 34. Qxd1 Rf8 35. Qd5+ Kh8 36.
Rxf5 Rg8 37. Be5 Qe1+ 38. Kh2 Nxf2 39. Bxg7+ Kxg7 40. Qd4+ Kg6 41. Qf6# 1-0

[Event "*** Titled Tuesday 3|2 Blitz (Early)"]
[Site "Chess.com"]
[Date "2017.01.03"]
[Round "7"]
[White "FastChance"]
[Black "Lupul_Cenusiu"]
[Result "1-0"]
[WhiteElo "2505"]
[BlackElo "2458"]
[TimeControl "180+2"]
[EndTime "12:32:16 PST"]
[Termination "FastChance won by checkmate"]

1. d4 Nf6 2. Bf4 e6 3. e3 c5 4. Nf3 Nc6 5. c3 Be7 6. Nbd2 d5 7. Bd3 cxd4 8. exd4 Nh5 9. Be3 Nf6 10. h3 h6 11. Bf4 Bd6 12. Bxd6 Qxd6 13. Qe2 Nd7 14. O-O O-O 15. Rae1 b6 16. Ne5 Ncxe5 17. dxe5 Qe7 18. f4 Nc5 19. Bb1 Ba6 20. c4 Rad8 21. b3 dxc4 22. Nxc4 Rd4 23. Qf2 Bxc4 24. Qxd4 Bxf1 25. Rxf1 Rd8 26.
Qe3 Qd7 27. Re1 a5 28. Kf2 g6 29. g4 Qd5 30. f5 g5 31. f6 Qd2+ 32. Re2 Qxe3+ 33.
Kxe3 Rd5 34. Be4 Rxe5 35. Kd4 Rxe4+ 36. Rxe4 Nxe4 37. Kxe4 Kf8 38. Ke5 b5 39. a3 Ke8 40.
Kd6 Kd8 41. Kc6 b4 42. a4 e5 43. Kd5 Kd7 44. Kxe5 Kc6 45. Ke4 Kd6 46. Kd4 Ke6 47. Kc5 Ke5 48. Kb5 Kd4 49. Kxa5 Kc3 50. Kb6 Kxb3 51. a5 Kc3 52. a6 b3 53. a7 b2 54.
a8=Q b1=Q+ 55. Kc7 Qg6 56. Qc6+ Kd3 57. Kd7 Ke3 58. Ke7 Kf4 59. Qc4+ Kg3 60. Qxf7 Qe4+ 61. Qe6 Qb7+ 62. Kf8 Kxh3 63. f7 Kh4 64. Kg7 h5 65.
gxh5 Kxh5 66. Qh3# 1-0

[Event "*** Titled Tuesday 3|2 Blitz (Early)"]
[Site "Chess.com"]
[Date "2017.01.03"]
[Round "7"]
[White "Anton_Demchenko"]
[Black "Imre91"]
[Result "1-0"]
[WhiteElo "2650"]
[BlackElo "2674"]
[TimeControl "180+2"]
[EndTime "12:32:26 PST"]
[Termination "Anton_Demchenko won by checkmate"]

1. e4 e6 2. d4 d5 3. Nd2 Nc6 4. Ngf3 Nf6 5. e5 Nd7 6. Nb3 f6 7. Bb5 fxe5 8. dxe5 Be7 9. O-O O-O 10. Re1 Qe8 11.
Nbd4 Nd8 12. Bg5 a6 13. Bf1 c5 14. Nb3 Bxg5 15. Nxg5 Nf7 16. Nxf7 Qxf7 17. Qe2 b6 18. Rad1 a5 19. Qe3 a4 20. Nd2 Bb7 21. Qg3 Qe7 22.
Bb5 Rf5 23. Bxd7 Qxd7 24. Nc4 Qe7 25. Nd6 Rg5 26. Qh3 Bc6 27. f4 Rg6 28. Rd3 Rf8 29. Rf3 d4 30. Rf2 Bd5 31. b3 axb3 32. axb3 Qa7 33. Ref1 Rh6 34. Qg3 Rg6 35. Qh4 Rh6 36. Qg4 Rg6 37. Qh4 Qd7 38. g3 Rh6 39. Qg4 Rg6 40. Qh4 Ba8 41. h3 Rh6 42. Qg4 Qe7 43. Kh2 Rg6 44. Qh5 Bd5 45. f5 Rh6 46. Qg4 Rd8 47.
f6 Qd7 48. fxg7 Qxg7 49. Qxg7+ Kxg7 50. Nf7 Ra8 51. Nxh6 Kxh6 52. Rf7 Ra2 53. R1f6+ Kg5 54.
h4+ Kh5 55. Rxh7+ Kg4 56. Rf4# 1-0

[Event "*** Titled Tuesday 3|2 Blitz (Early)"]
[Site "Chess.com"]
[Date "2017.01.03"]
[Round "7"]
[White "Alexander_Moskalenko"]
[Black "DuleMudule"]
[Result "1-0"]
[WhiteElo "2666"]
[BlackElo "2517"]
[TimeControl "180+2"]
[EndTime "12:32:31 PST"]
[Termination "Alexander_Moskalenko won by resignation"]

1. d4 d5 2. Bf4 c5 3. e3 Nc6 4. c3 Bf5 5. Nd2 Qb6 6. Qb3 e6 7. Ngf3 c4 8. Qxb6 axb6 9. Nh4 Bc2 10. Rc1 Rxa2 11. Rxc2 Ra1+ 12. Ke2 f6 13. Bc7 b5 14. g4 Kd7 15. Bg3 b4 16. Bg2 Ra2 17.
Rb1 Bd6 18. Bxd6 Kxd6 19. f4 Nge7 20. Nhf3 b5 21. Kd1 h5 22. g5 Nf5 23. Nf1 b3 24.
Rcc1 b4 25. Bh3 Nfe7 26. Kd2 Rha8 27. Ng3 Na7 28. Nxh5 Rh8 29. Bg4 f5 30. Ne5 Kc7 31. Be2 g6 32. Ng7 Rxh2 33. Nxe6+ Kd6 34. Nc5 Nb5 35. cxb4 Na3 36. b5 Nxb5 37. Nf3 Rg2 38. Ke1 Na3 39. Kf1 Nxb1 40. Rxb1 Rg3 41. Kf2 Rh3 42.
Bf1 Rh8 43. Ne5 c3 44. Nf7+ Kc6 45. Nxh8 c2 46. Rc1 Rxb2 47. Nxb3 Rxb3 48. Rxc2+ Kd7 49. Nf7 Ra3 50. Ne5+ Kd6 51. Rb2 Kc7 52. Bd3 Ra1 53. Kf3 Ra3 54. Rh2 Nc8 55. Rh7+ Kd8 56. Nf7+ Ke7 57. Ne5+ Kd8 58. Rh6 Ra2 59. Rxg6 Ke7 60. Bxf5 Nd6 61. Re6+ 1-0

[Event "*** Titled Tuesday 3|2 Blitz (Early)"]
[Site "Chess.com"]
[Date "2017.01.03"]
[Round "7"]
[White "gmsakk"]
[Black "AndrBaryshpolets"]
[Result "1/2-1/2"]
[WhiteElo "2473"]
[BlackElo "2444"]
[TimeControl "180+2"]
[EndTime "12:32:34 PST"]
[Termination "Game drawn by repetition"]

1. d4 d5 2. c4 e6 3. Nf3 Nf6 4. g3 Bb4+ 5. Bd2 Be7 6. Bg2 O-O 7.
O-O c6 8. Qc2 b6 9. Rd1 Nbd7 10.
Bf4 Bb7 11. Ne5 Nxe5 12. dxe5 Nd7 13. e4 d4 14. Rxd4 c5 15. Rd2 Qc7 16. Nc3 a6 17. Nd5 exd5 18. e6 Ne5 19. exd5 fxe6 20. d6 Bxd6 21.
Rxd6 Qxd6 22. Bxb7 Rad8 23. Qe4 Rxf4 24. Qxf4 Rf8 25. Qe4 Nf3+ 26. Kg2 a5 27. Qe2 Nd4 28.
Qd3 Qe5 29. f4 Qh5 30. Re1 Qg4 31. Bf3 Qxf3+ 32. Qxf3 Nxf3 33. Kxf3 Kf7 34. Rd1 Ke7 35. Ke4 g5 36. Rd2 gxf4 37. gxf4 Rg8 38. b3 Rg1 39. Re2 a4 40. bxa4 Rd1 41. Rc2 Rd4+ 42. Ke5 Rd3 43. Ke4 Ra3 44. f5 Rxa4 45. Ke5 exf5 46. Kxf5 Kd6 47.
Kg5 Ra3 48. h4 Rh3 49. Rf2 Ke5 50. Rf7 Rg3+ 51. Kh5 Kd4 52. Rf6 Kxc4 53. Rxb6 Kd3 54. a4 c4 55. a5 c3 56. a6 c2 57. Rc6 Kd2 58. a7 Ra3 59. Rd6+ Kc3 60. Rc6+ Kb2 61.
Rb6+ Ka2 62. Rc6 Kb2 63. Rb6+ Ka2 64. Rc6 Kb2 65. Rb6+ Ka1 66. Rc6 Kb1 67. Rb6+ Ka2 68. Rc6 1/2-1/2

[Event "*** Titled Tuesday 3|2 Blitz (Early)"]
[Site "Chess.com"]
[Date "2017.01.03"]
[Round "7"]
[White "superjem123"]
[Black "rubhani"]
[Result "1-0"]
[WhiteElo "2488"]
[BlackElo "2412"]
[TimeControl "180+2"]
[EndTime "12:32:44 PST"]
[Termination "superjem123 won by resignation"]

1. c4 e5 2. g3 Bc5 3. Bg2 Nf6 4.
Nc3 O-O 5. e3 d6 6. Na4 Bb6 7.
Nxb6 axb6 8. Ne2 Nc6 9. d3 Bg4 10. h3 Bh5 11. O-O Re8 12. b3 Qd7 13. f3 d5 14. e4 dxe4 15. dxe4 Nd4 16. Be3 Nxe2+ 17. Qxe2 Nxe4 18. g4 Ng3 19. Qd1 Qe6 20. Re1 Rad8 21.
Qc1 Bg6 22. Bf2 e4 23. Bxg3 e3 24. Bxc7 Rd2 25. Bf4 Qf6 26. Qxd2 Qxf4 27. Qe2 Qg3 28. Rad1 h5 29. Rd5 hxg4 30. hxg4 f5 31. gxf5 Bh5 32. Rf1 Qf4 33. Rfd1 Kh7 34. f6 Bf7 35. R5d4 Qxf6 36.
Re4 Rxe4 37. fxe4 Qg5 38. Rf1 Bh5 39. Rf3 Bxf3 40. Qxf3 g6 41. Kf1 Kh6 42. Ke2 Kg7 43. Bh3 Qe5 44. Qxe3 Qb2+ 45. Qd2 Qe5 46. Bg2 Qg3 47.
Kd1 Qg4+ 48. Kc2 Qg3 49. Qc3+ 1-0

[Event "*** Titled Tuesday 3|2 Blitz (Early)"]
[Site "Chess.com"]
[Date "2017.01.03"]
[Round "7"]
[White "eldur16"]
[Black "AdrianaNikolova"]
[Result "1-0"]
[WhiteElo "2097"]
[BlackElo "2260"]
[TimeControl "180+2"]
[EndTime "12:33:03 PST"]
[Termination "eldur16 won on time"]

1. d4 d5 2. c4 c6 3. Nf3 Nf6 4.
e3 Bg4 5. Nbd2 e6 6. Qc2 Nbd7 7. Bd3 Bb4 8. O-O O-O 9. b3 Qe7 10. Bb2 Rfe8 11. Ne5 Bh5 12. f4 Bg6 13. Nxg6 hxg6 14. Nf3 Rac8 15. Ne5 c5 16. Qe2 Ne4 17. Bxe4 dxe4 18.
d5 exd5 19. cxd5 Nf6 20. Rad1 Red8 21. Qc4 Qd6 22. g4 a6 23. g5 b5 24. Qc2 Nxd5 25.
Qxe4 Qe6 26. Qf3 Bc3 27. Rxd5 Bxb2 28. e4 Rxd5 29. exd5 Qd6 30. Nc6 Re8 31. f5 gxf5 32. Qxf5 Rf8 33. Re1 g6 34. Qe4 Kg7 35. Re2 Bc3 36.
Qd3 Ba1 37. Re1 Bb2 38. Qd2 Bd4+ 39. Nxd4 cxd4 40. Qxd4+ Kg8 41. Re4 Rd8 42. Rh4 f6 43.
gxf6 Qxd5 44. f7+ Kxf7 45. Rh7+ Ke6 46. Qe3+ Kf6 47. Qb6+ Rd6 48. Qf2+ Qf5 49. Qb2+ Kg5 50. h4+ Kf4 51. Qh2+ Ke3 52. Re7+ 1-0

[Event "*** Titled Tuesday 3|2 Blitz (Early)"]
[Site "Chess.com"]
[Date "2017.01.03"]
[Round "7"]
[White "Malev212"]
[Black "pKiLz5Rn9b"]
[Result "1-0"]
[WhiteElo "2453"]
[BlackElo "2480"]
[TimeControl "180+2"]
[EndTime "12:33:13 PST"]
[Termination "Malev212 won by resignation"]

1. e4 e6 2. Qe2 Be7 3. g3 d5 4. d3 Nf6 5. Bg2 O-O 6. Nf3 c5 7. O-O Nc6 8. e5 Nd7 9. c4 Re8 10. Re1 Nb6 11. Bf4 f5 12. exf6 Bxf6 13. Nc3 Bd7 14.
Ne5 Nxe5 15. Bxe5 Bc6 16. Rad1 Qe7 17. b3 Rad8 18. h4 Qf7 19. a4 Nd7 20. Bxf6 Nxf6 21.
f4 Qg6 22. Qf2 b6 23. Nb5 Rd7 24. d4 Ne4 25. Bxe4 dxe4 26. dxc5 Rxd1 27. Rxd1 bxc5 28. Kh2 Qg4 29. Rd6 Bb7 30. Nc7 Re7 31. Rd8+ Kf7 32. Nb5 Bc6 33. Rd6 Bb7 34. Rd2 Bc6 35. Qxc5 e3 36. Qxe3 e5 37. f5 h6 38. Nd6+ Kg8 39. b4 Ba8 40. b5 Rd7 41. c5 Bf3 42.
c6 Re7 43. Rf2 e4 44. a5 Qh5 45. b6 axb6 46. axb6 g5 47. c7 gxh4 48. c8=Q+ Kh7 49. f6 hxg3+ 50. Kxg3 Qg6+ 51. Kh2 Rf7 52. Qf5 1-0

[Event "*** Titled Tuesday 3|2 Blitz (Early)"]
[Site "Chess.com"]
[Date "2017.01.03"]
[Round "7"]
[White "Egorov_Pavel"]
[Black "amurdercastle"]
[Result "1-0"]
[WhiteElo "2315"]
[BlackElo "2364"]
[TimeControl "180+2"]
[EndTime "12:33:13 PST"]
[Termination "Egorov_Pavel won by resignation"]

1. d4 d5 2. c4 c6 3. Nc3 Nf6 4.
Nf3 e6 5. Bg5 dxc4 6. e4 b5 7.
e5 h6 8. Bh4 g5 9. Nxg5 hxg5 10. Bxg5 Nbd7 11. exf6 Bb7 12. g3 Qb6 13. Bg2 O-O-O 14.
O-O c5 15. d5 b4 16. Na4 Qb5 17. dxe6 Bxg2 18. Kxg2 Qc6+ 19. f3 Qxe6 20. Qc2 Bd6 21.
f4 Qd5+ 22. Kg1 Qd4+ 23. Qf2 Nb6 24. Nxb6+ axb6 25. Rac1 b5 26. h4 Qxf2+ 27. Kxf2 Kc7 28. a3 bxa3 29. bxa3 Ra8 30. Rc3 Kc6 31. Rd1 Bc7 32. Re3 b4 33. axb4 cxb4 34. Re4 Kc5 35. f5 Rad8 36.
Be3+ Kb5 37. Ra1 b3 38. Ra7 Rc8 39. Rb7+ Kc6 40. Rb4 c3 41. Rec4+ Kd7 42. Rxc3 Ba5 43. Rd3+ Kc6 44. Rbxb3 Bc7 45. Rbc3+ Kb5 46. Rc5+ Kb4 47. Rd1 Bxg3+ 48. Kxg3 Rxc5 49. Rb1+ Kc4 50. Rc1+ Kd3 51. Bxc5 Ke4 52. Be7 Rg8+ 53. Kh3 Kxf5 54. Rc5+ Ke6 55. Rg5 Rh8 56. Kg4 Rh6 57. h5 Kd7 58. Rg7 Ke6 59.
Kg5 Rh8 60. h6 1-0

[Event "*** Titled Tuesday 3|2 Blitz (Early)"]
[Site "Chess.com"]
[Date "2017.01.03"]
[Round "7"]
[White "andretta"]
[Black "Mazetovic"]
[Result "0-1"]
[WhiteElo "2432"]
[BlackElo "2468"]
[TimeControl "180+2"]
[EndTime "12:33:14 PST"]
[Termination "Mazetovic won on time"]

1. b3 g6 2. Bb2 Nf6 3. Bxf6 exf6 4. c4 a5 5. Nf3 a4 6. Nc3 a3 7. e3 Na6 8. g3 Bg7 9. Bg2 O-O 10. d4 c6 11. O-O f5 12. Qd2 d6 13. Rab1 Nb4 14. Ne2 Qa5 15. Ne1 b5 16. Nf4 Ba6 17. Nfd3 c5 18.
Bxa8 Rxa8 19. Nxb4 cxb4 20. Nd3 bxc4 21. Qxb4 Qd5 22.
Nf4 Qf3 23. bxc4 g5 24. Nd5 h5 25. Rfc1 h4 26. Qxd6 Kh8 27. Rb8+ Rxb8 28. Qxb8+ Kh7 29. Qa8 Kh6 30. Qxa6+ f6 31. gxh4 Qg4+ 32. Kf1 Qh3+ 33. Ke1 Qxh2 34. Nxf6 Qg1+ 35. Ke2 Qxc1 36. Ng4+ Kh5 37.
Ne5 Qc2+ 38. Kf1 Bxe5 39. dxe5 Qxa2 40. e6 Qb1+ 41. Ke2 a2 42. e7 Qc2+ 43. Kf3 g4+ 44. Kg3 Qe4 45. Qxa2 Qxe7 46. Kg2 Qxh4 47. Kf1 Qh1+ 48.
Ke2 g3 0-1